AoeStats
← 把腿掰开

Socotra

505452576Analyzed
3v3 RM · 23d ago on Sep 9, 2026· 30m 34s· 6 players
Game mode
Random Map
Map size
128×128
Population
200
Speed
Normal
Resources
Standard
Victory
Conquest
Starting age
Dark Age
Ending age
Imperial Age
RankedLock teamsTeams togetherTeam positionsShared explorationLock speedFull tech treeHidden civsTurbo modeCheats
Victory
Defeat
🇨🇳 Gurjaras · China
1006
+13
🇨🇳 Franks · China
994
+13
🇨🇳 Sicilians · China
954
+15
🇩🇪 Franks · Germany
986
-15
🇹🇷 Armenians · Türkiye
932
-14
🇨🇳 Tupi · China
885
-12
把腿掰开
0:37 Loom
12:57 Feudal Age
16:03 Fletching
24:10 Double-Bit Axe
24:10 Horse Collar
29:20 Castle Age
27:58 Scale Barding Armor
27:50 Stone Mining
28:19 Gold Mining
28:48 Bloodlines
29:15 Forging
31:07 Wheelbarrow
30:46 Heavy Plow
七级床震
10:57 Feudal Age
12:33 Double-Bit Axe
20:02 Castle Age
18:53 Forging
18:46 Loom
21:56 Gold Mining
25:06 Scale Barding Armor
25:37 Iron Casting
27:07 Elite Skirmisher
探索黑洞
2:45 Loom
15:22 Feudal Age
15:37 Man-at-Arms
16:32 Double-Bit Axe
19:07 Town Watch
20:31 Stone Mining
20:47 Horse Collar
29:13 Castle Age
30:26 Scale Mail Armor
30:37 Forging
30:28 Padded Archer Armor
30:36 Scale Barding Armor
highvoltage
3:59 Loom
5:55 Loom
12:34 Feudal Age
17:18 Castle Age
16:24 Scale Barding Armor
16:59 Fletching
21:52 Pikeman
22:32 Squires
Kanuni_ibrahim_dede
8:13 Loom
12:45 Feudal Age
16:55 Man-at-Arms
28:36 Castle Age
yjk2535
4:42 Loom
11:40 Feudal Age
11:49 Champi Runner
20:15 Castle Age
18:56 Stone Mining
19:02 Double-Bit Axe
24:24 Fletching
Connection lost

Rejoining the realm…

Still unreachable

The connection could not be restored.

Session expired

The server has moved on; the page needs a fresh start.